 Dungeon Crawl Stone Soup version 0.21-a0-496-g696f58f (webtiles) character file.

416 kraze the Chopper (level 6, -6/52 HPs)
             Began as a Hill Orc Fighter on Nov 24, 2017.
             Was a Believer of Yredelemnul.
             Mangled by an orc priest
             ... wielding a +0 morningstar
              (8 damage)
             ... on level 5 of the Dungeon.
             The game lasted 00:19:30 (4006 turns).

kraze the Chopper (Hill Orc Fighter)                Turns: 4006, Time: 00:19:30

Health: -6/52      AC:  7    Str: 21    XL:     6   Next: 92%
Magic:  6/6        EV:  8    Int:  8    God:    Yredelemnul [**....]
Gold:   232        SH:  9    Dex: 10    Spells: 5/5 levels left

rFire    . . .     SeeInvis .   a - +0 war axe
rCold    . . .     Gourm    .   c - +0 shield
rNeg     . . .     Faith    .   b - +0 scale mail
rPois    .         Spirit   .   (no helmet)
rElec    .         Reflect  .   (no cloak)
rCorr    .         Harm     .   (no gloves)
MR       .....                  (no boots)
Stlth    ..........             (no amulet)
HPRegen  0.17/turn              (no ring)
MPRegen  0.10/turn              (no ring)

@: no status effects
A: no striking features
a: Animate Remains, Recall Undead Slaves, Injury Mirror, Renounce Religion,
Convert to Beogh


You were on level 5 of the Dungeon.
You worshipped Yredelemnul.
Yredelemnul was pleased with you.
You were not hungry.

You visited 1 branch of the dungeon, and saw 5 of its levels.

You collected 232 gold pieces.

Inventory:

Hand Weapons
 a - a +0 war axe (weapon)
 y - a +0 blowgun
 Y - a +0 dagger
Missiles
 g - 138 arrows
 o - 40 bolts
 z - 5 poisoned needles
 E - 59 stones (quivered)
Armour
 b - a +0 scale mail (worn)
 c - a +0 shield (worn)
 h - a +0 leather armour
 k - a +0 chain mail
 p - a +0 robe
 t - a +0 leather armour
 w - a +0 ring mail
 A - a +0 ring mail
 I - a +0 leather armour
 X - a +0 ring mail
Jewellery
 d - the amulet "Last" {Inacc rF+, unknown}
   (You found it on level 4 of the Dungeon)

   [amulet of inaccuracy]

   It reduces the accuracy of all your attacks.
   It protects you from fire.
 i - an uncursed amulet of faith {unknown}
Scrolls
 e - a scroll of enchant armour {unknown}
 l - 3 scrolls of remove curse {unknown}
 m - 5 scrolls of immolation {unknown}
 s - 3 scrolls of identify {unknown}
 K - 3 scrolls of teleportation {unknown}
 P - 2 scrolls of random uselessness {unknown}
 Z - 2 scrolls of blinking {unknown}
Potions
 j - 2 potions of curing {unknown}
 r - a potion of haste {unknown}
 v - a potion of flight {unknown}
 C - a potion of resistance {unknown}
 T - a potion of invisibility {unknown}
 U - a potion of mutation {unknown}
Books
 J - a book of Changes

   Spells                             Type                      Level
   a - Beastly Appendage              Transmutation                1
   b - Sticks to Snakes               Transmutation                2
   c - Spider Form                    Transmutation/Poison         3
   d - Ice Form                       Ice/Transmutation            4
   e - Blade Hands                    Transmutation                5
Comestibles
 f - a bread ration
 L - 2 royal jellies
 S - 3 fruits


   Skills:
 + Level 4.1 Fighting
 + Level 6.4 Axes
 + Level 5.0 Armour
 + Level 1.0 Dodging
 + Level 0.1 Stealth
 + Level 4.5 Shields
 + Level 0.7 Invocations


You had 5 spell levels left.
You didn't know any spells.

Dungeon Overview and Level Annotations

Branches:
Dungeon (5/15)
 Temple: D:4-7

Altars:
Dithmenos
Elyvilon
Gozag
Kikubaaqudgha
Uskayaw
Yredelemnul

Annotations:
D:5 Eustachio


Message History

The puff of flame hits you!
You miss something.
The orc priest calls down the wrath of Beogh upon you.
Beogh smites you!
* * * LOW HITPOINT WARNING * * *
Something hits you but does no damage.
Your shield prevents you from hitting something.
You block something's attack.
You hit something. Something hits you.
* * * LOW HITPOINT WARNING * * *
Something hits you but does no damage.
You slash something! Yredelemnul accepts your kill.
Reactivating autopickup.
You feel a bit more experienced.
You hit the orc priest.
The orc priest is moderately wounded.
The orc priest hits you with a morningstar!
You die...
Your body rises from the dead as a mindless zombie.

# .#. .... #####
.....
#....####@5....
###....#†@o5o....
.........#####.#+
....##..### ..
##...# #...#
##..# .# #..# #.#
.. ##..# #.#
...##...###.#


You could see Eustachio, an orc priest, a white imp, a shadow imp and an orc.

Vanquished Creatures
  An ogre (D:4)
  A jelly (D:5)
  2 hounds
  An orc priest (D:5)
  2 orc wizards
  A bullfrog skeleton (D:4)
  2 worker ants
  An adder (D:3)
  An adder skeleton (D:4)
  3 worms
  A leopard gecko (D:4)
  10 orcs
  6 giant cockroaches
  5 goblins
  2 hobgoblins (D:2)
  17 jackals
  5 kobolds
  A quokka (D:3)
  A ball python (D:4)
  6 bats
  8 frilled lizards
  6 rats
83 creatures vanquished.

Vanquished Creatures (collateral kills)
  A dart slug (D:4)
1 creature vanquished.

Vanquished Creatures (others)
  A worker ant zombie (D:4)
  A jackal zombie (D:4)
  An orc zombie (D:4)
3 creatures vanquished.

Grand Total: 87 creatures vanquished

Notes
Turn   | Place    | Note
-------+----------+-------------------------------------------
     0 | D:1      | kraze the Hill Orc Fighter began the quest for the Orb.
     0 | D:1      | Reached XP level 1. HP: 19/19 MP: 1/1
   430 | D:1      | You fall through a shaft!
   485 | D:2      | Reached XP level 2. HP: 20/27 MP: 2/2
   491 | D:2      | Reached skill level 3 in Axes
   608 | D:2      | Found a basalt altar of Yredelemnul.
   622 | D:2      | Became a worshipper of Yredelemnul the Dark
  1012 | D:2      | Reached XP level 3. HP: 26/33 MP: 3/3
  1224 | D:2      | Found an opulent altar of Gozag.
  1904 | D:3      | Reached XP level 4. HP: 35/40 MP: 4/4
  1911 | D:3      | Reached * piety under Yredelemnul
  2243 | D:3      | Found a faded altar of an unknown god.
  2383 | D:4      | Noticed a dagger
  2383 | D:4      | Noticed a dagger
  2390 | D:4      | Found a hide-covered altar of Uskayaw.
  2489 | D:4      | Reached skill level 4 in Axes
  2489 | D:4      | Reached XP level 5. HP: 25/46 MP: 3/5
  2654 | D:4      | Found an ancient bone altar of Kikubaaqudgha.
  2928 | D:4      | Noticed an ogre
  2943 | D:4      | Killed an ogre
  2943 | D:4      | Reached skill level 5 in Axes
  2943 | D:4      | Reached skill level 1 in Dodging
  2943 | D:4      | Reached XP level 6. HP: 20/52 MP: 6/6
  3345 | D:4      | Found a shadowy altar of Dithmenos.
  3345 | D:4      | Found a white marble altar of Elyvilon.
  3438 | D:4      | Got a coiled silver amulet
  3760 | D:5      | Entered Level 5 of the Dungeon
  3814 | D:5      | Reached skill level 5 in Armour
  3972 | D:5      | Noticed Eustachio
  3974 | D:5      | Reached ** piety under Yredelemnul
  3991 | D:5      | Reached skill level 6 in Axes
  4004 | D:5      | HP: 2/52 [something (2)]
  4006 | D:5      | Mangled by an orc priest

Vault maps used:
D:1:      dpeg_arrival_boxes_within_box
D:2:      nicolae_overflow_crystal_walls, lemuel_round_altar
D:3:      chequers_ecumenical_altar_grove
D:4:      dancing_weapons_uskayaw, kiku_gazebo_garden_becter,
          gammafunk_temple_overflow_statue
D:5:      first_bread, uniq_crazy_yiuf_cottage, uniq_eustachio, uniq_pikel

Skill      XL: |  1  2  3  4  5  6 |
---------------+-------------------+-----
Axes           | 3 4 5 6 |  6.4
Armour         | 4 5 |  5.0
Shields        | 4 |  4.5
Fighting       | 4 |  4.1
Dodging        | 1 |  1.0
Stealth        | |  0.1
Invocations    | |  0.7

Action                   |  1- 3 |  4- 6 || total
-------------------------+-------+-------++-------
Melee: War axe           |   163 |   142 ||   305
Invok: Animate Remains   |       |     5 ||     5
  Eat: Bread ration      |     1 |     1 ||     2
       Meat ration       |       |     1 ||     1
Armor: Scale mail        |   101 |    53 ||   154
Dodge: Dodged            |    68 |    48 ||   116
Block: Shield            |   114 |    72 ||   186

Table legend:
 A = Spawn XP
 B = Non-spawn XP
 C = Spawn XP percentage of total XP
 D = Spawn monster count
 E = Non-spawn monster count
 F = Spawn count percentage of total count
 G = Total turns spent on level
                    A         B        C        D         E        F      G
               +---------+---------+-------+---------+---------+-------+---------
         Total |       0 |     595 |   0.0 |       0 |      84 |   0.0 |  4006
               +---------+---------+-------+---------+---------+-------+---------
           D:1 |       0 |       1 |   0.0 |       0 |       1 |   0.0 |   430
           D:2 |       0 |      35 |   0.0 |       0 |      19 |   0.0 |   864
           D:3 |       0 |      68 |   0.0 |       0 |      33 |   0.0 |  1049
           D:4 |       0 |     292 |   0.0 |       0 |      22 |   0.0 |  1417
           D:5 |       0 |     199 |   0.0 |       0 |       9 |   0.0 |   246
               +---------+---------+-------+---------+---------+-------+---------
